 Dungeon Crawl Stone Soup version 0.30-a0-1035-g38d5fb2972 (webtiles) character file.

Game seed: 10762049622137917234

35 CryoSword the Trooper (level 3, 0/29 HPs)
             Began as a Demonspawn Fighter on Apr 8, 2023.
             Slain by Natasha (7 damage)
             ... on level 2 of the Dungeon.
             The game lasted 00:01:15 (986 turns).

CryoSword the Trooper (Demonspawn Fighter)           Turns: 986, Time: 00:01:16

Health: 0/29       AC:  6    Str: 18    XL:     3   Next: 17%
Magic:  3/3        EV:  9    Int:  9    God:
Gold:   83         SH:  9    Dex: 12    Spells: 2/2 levels left

rFire   . . .      SeeInvis .    a - +0 trident
rCold   . . .      Faith    .    c - +0 buckler
rNeg    . . .      Spirit   .    b - +0 scale mail
rPois   .          Reflect  +    (no helmet)
rElec   .          Rampage  .    (no cloak)
rCorr   .                        (no gloves)
Will    .....                    (no boots) Stlth
                                 n - amulet of reflection
HPRegen 0.24/turn                (no ring)
MPRegen 0.08/turn                (no ring)

@: slowed, very slow
A: claws 1
a: no special abilities


You were on level 2 of the Dungeon.
You visited 1 branch of the dungeon, and saw 2 of its levels.

You collected 83 gold pieces.

Inventory:

Hand Weapons
 a - a +0 trident (weapon)
Armour
 b - a +0 scale mail (worn)
 c - a +0 buckler (worn)
Jewellery
 n - an amulet of reflection (around neck)
   (You found it on level 1 of the Dungeon)
Scrolls
 e - a scroll of identify {unknown}
 f - a scroll of fear
 h - a scroll of noise {unknown}
 i - a scroll of teleportation {unknown}
 m - a scroll of fog {unknown}
Potions
 d - 2 potions of might
 g - a potion of curing {unknown}
 j - 2 potions of degeneration {unknown}
 k - a potion of haste {unknown}
 l - a potion of heal wounds {unknown}
 o - a potion of attraction {unknown}
 p - a potion of resistance {unknown}


   Skills:
 - Level 3.0 Fighting
 - Level 2.5 Polearms
 - Level 2.6 Armour
 - Level 2.6 Shields
 + Level 1.8 Unarmed Combat


You had 2 spell levels left.
You didn't know any spells.
Your spell library contained the following spells:

 Spells                   Type           Power      Damage    Failure   Level
 Sandblast                Erth           0%         2d4       86%         1
 Passwall                 Tmut/Erth      0%         N/A       95%         2
 Stone Arrow              Conj/Erth      0%         3d7       99%         3


Dungeon Overview and Level Annotations

Branches:
Dungeon (2/15)

Altars:
Ashenzari

Annotations:
D:2 Natasha


Innate Abilities, Weirdness & Mutations

You have sharp fingernails.


Message History

Found a book of Geomancy and 12 gold pieces.
You hit the dart slug. The dart slug launches a dart at you.
The slug dart hits you.
You hit the dart slug. You hit the dart slug.
You kill the dart slug!
No target in view!
o - a fuming sapphire potion You pick up a book of Geomancy and begin reading...
You add the spells Sandblast, Passwall and Stone Arrow to your library.
You now have 43 gold pieces (gained 12).
You now have 48 gold pieces (gained 5).
You see here a +1 dagger of pain.
Found a stone staircase leading up and a stone staircase leading down.
A kobold comes into view. It is wielding a +0 dagger.
The kobold shouts!
A kobold is nearby!
A kobold is nearby!
A giant cockroach comes into view.
You reach to attack!
You puncture the kobold!
You kill the kobold!
You have reached level 3!
Your experience leads to an increase in your attributes!
Increase (S)trength, (I)ntelligence, or (D)exterity?
You feel stronger. x2
You reach to attack!
You hit the giant cockroach. You block the giant cockroach's attack.
You closely miss the giant cockroach. You block the giant cockroach's attack.
You puncture the giant cockroach!
You kill the giant cockroach!
No target in view!
You now have 58 gold pieces (gained 10).
A rat comes into view.
A rat is nearby!
A rat is nearby!
A rat is nearby!
A goblin comes into view. It is wielding a +0 club.
The goblin shouts!
You reach to attack!
You hit the rat but do no damage. You block the rat's attack.
You puncture the rat!
You kill the rat!
A ball python comes into view.
You see here a rat corpse.
You hit the goblin. The goblin hits you but does no damage.
You barely miss the goblin. You block the goblin's attack.
A frilled lizard comes into view.
You barely miss the goblin.
The frilled lizard hisses angrily.
The goblin hits you but does no damage.
You puncture the goblin!
You kill the goblin!
You block the ball python's attack. The ball python barely misses you.
You closely miss the ball python. The ball python misses you.
The ball python grabs you. The ball python constricts you.
You block the ball python's attack. The ball python constricts you.
You closely miss the ball python. You block the ball python's attack.
The ball python constricts you.
You barely miss the ball python. You block the ball python's attack.
The ball python constricts you. The ball python completely misses you.
The ball python constricts you.
You barely miss the ball python. The frilled lizard bites you.
The ball python bites you but does no damage.
The ball python constricts you. The frilled lizard bites you.
You hit the ball python. You block the ball python's attack.
The ball python constricts you. You block the ball python's attack.
The ball python constricts you.
The frilled lizard bites you but does no damage.
You puncture the ball python!
You kill the ball python!
You block the frilled lizard's attack.
You miss the frilled lizard.
The frilled lizard unfolds its giant frill.
The frilled lizard closely misses you.
You hit the frilled lizard.
You kill the frilled lizard!
No target in view!
No target in view!
You see here a ball python corpse.
You now have 72 gold pieces (gained 14).
p - an inky potion A ball python comes into view.
Found a broken altar of Ashenzari.
A ball python is nearby!
A ball python is nearby!
A ball python is nearby!
Found 11 gold pieces.
You hit the ball python.
You kill the ball python!
No target in view!
No target in view!
You now have 83 gold pieces (gained 11).
Found a hand axe.
A frilled lizard comes into view.
The frilled lizard hisses angrily.
A frilled lizard is nearby!
A frilled lizard is nearby!
Natasha, Servant of Life and Death comes into view.
Natasha hisses angrily.
The frilled lizard hisses.
You reach to attack!
You hit the frilled lizard.
You kill the frilled lizard!
You reach to attack!
You barely miss Natasha. You hit Natasha but do no damage.
You block Natasha's attack. Natasha claws you but does no damage.
You barely miss Natasha. You block Natasha's attack.
You barely miss Natasha. Natasha casts a spell at you.
You feel yourself slow down.
Reach: a) +0 trident
Aim: Natasha (about 50% to evade your +0 trident)
You hit Natasha. Natasha claws you. You block Natasha's attack.
Reach: a) +0 trident
Aim: Natasha (lightly wounded, about 50% to evade your +0 trident)
You barely miss Natasha.
Natasha stares at you and mumbles some strange words.
The magic dart hits you.
Natasha casts a spell.
Reach: a) +0 trident
Aim: Natasha (lightly wounded, about 50% to evade your +0 trident)
You closely miss Natasha. Natasha claws you but does no damage.
You block the cerulean imp's attack. You block Natasha's attack.
Reach: a) +0 trident
Aim: Natasha (lightly wounded, about 50% to evade your +0 trident)
You hit Natasha.
The cerulean imp hits you from afar with a +0 spear.
You block Natasha's attack.
The cerulean imp hits you from afar with a +0 spear.
Reach: a) +0 trident
Aim: Natasha (heavily wounded, about 50% to evade your +0 trident)
You barely miss Natasha. Natasha claws you but does no damage.
The cerulean imp barely misses you. Natasha barely misses you.
The cerulean imp barely misses you.
Reach: a) +0 trident
Aim: Natasha (heavily wounded, about 50% to evade your +0 trident)
You hit Natasha. Natasha claws you!
* * * LOW HITPOINT WARNING * * *
The cerulean imp hits you from afar with a +0 spear.
* * * LOW HITPOINT WARNING * * *
Natasha claws you.
* * * LOW HITPOINT WARNING * * *
You block the cerulean imp's attack.
Reach: a) +0 trident
Aim: Natasha (heavily wounded, about 50% to evade your +0 trident)
You closely miss Natasha. You block Natasha's attack.
The cerulean imp hits you but does no damage.
Natasha claws you!
You die...

#####..#.......####.
##..........# #.
##............# #.
#..........##.# #.
#..........# .# #.
######..........# #.
#.......♣.♣........###<
#.......)..............
#.....@.♣.♣#♣... ......
#.....h...............>
#.....†5♣#♣.♣. ######.
######... .# #. ##.## #
#. .. #. ## #. ..


You could see Natasha and a cerulean imp (summoned).

Vanquished Creatures
  3 dart slugs
  3 endoplasms (D:1)
  A giant cockroach (D:2)
  3 goblins
  6 ball pythons
  3 bats (D:1)
  3 frilled lizards
  5 kobolds
  5 rats
32 creatures vanquished.

Notes
Turn   | Place    | Note
-------+----------+-------------------------------------------
     0 | D:1      | CryoSword the Demonspawn Fighter began the quest for the
                  | Orb.
     0 | D:1      | Reached XP level 1. HP: 18/18 MP: 1/1
   266 | D:1      | Gained mutation: You have sharp fingernails. [demonic
                  | ancestry]
   266 | D:1      | Reached XP level 2. HP: 24/24 MP: 2/2
   478 | D:1      | Reached skill level 1 in Unarmed Combat
   900 | D:2      | Reached XP level 3. HP: 29/29 MP: 3/3
   953 | D:2      | Found a broken altar of Ashenzari.
   973 | D:2      | Noticed Natasha
   986 | D:2      | Slain by Natasha

Illustrated notes

Levels and vault maps discovered:
D:1:      minmay_arrival_diagonal_passages, layout_loops_corners
D:2:      layout_loops_cross, basic_altar, serial_forest,
          infiniplex_forest_clump_small, infiniplex_forest_clump_tiny,
          infiniplex_forest_straight_4, infiniplex_forest_lined_corner,
          uniq_natasha

Skill      XL: |  1  2 |
---------------+-------+-----
Polearms       | 2 |  2.5
Unarmed Combat | 1 |  1.8
Fighting       | |  3.0
Armour         | |  2.6
Shields        | |  2.6

Action                     || total
---------------------------++-------
  Melee: Trident           ||    92
    Use: Scroll            ||     1
 Armour: Scale mail        ||    37
  Dodge: Dodged            ||    27
  Block: Buckler           ||    27
         Reflection        ||     1

Table legend: (Time is in decaauts)
 A = Elapsed time spent in this place.
 B = Non-inter-level travel time spent in this place.
 C = Inter-level travel time spent in this place.
 D = Time resting spent in this place.
 E = Time spent auto-exploring this place.
 F = Levels seen in this place.
 G = Mean time per level.
                   A        B        C        D        E       F      G
               +--------+--------+--------+--------+--------+-----+--------+
         Total |   1010 |   1000 |     10 |      0 |    785 |   2 |  505.0 |
       Dungeon |   1010 |   1000 |     10 |      0 |    785 |   2 |  505.0 |
               +--------+--------+--------+--------+--------+-----+--------+

Top non-repeatable levels by time:
     D:1: 860 daAuts
     D:2: 149 daAuts
